 Dungeon Crawl Stone Soup version 0.19.4 (webtiles) character file.

203 Naow the Magician (level 5, -5/28 HPs)
             Began as a Deep Elf Fire Elementalist on Feb 5, 2017.
             Killed by divine providence
             ... invoked by an orc priest
              (9 damage)
             ... on level 4 of the Dungeon.
             The game lasted 00:03:28 (3299 turns).

Naow the Magician (Deep Elf Fire Elementalist)      Turns: 3299, Time: 00:03:29

Health: -5/28      AC:  6    Str:  5    XL:     5   Next: 51%
Magic:  6/14       EV: 13    Int: 21    God:
Gold:   186        SH:  0    Dex: 15    Spells: 4 memorised, 4 levels left

rFire  . . .     SeeInvis .     (no weapon)
rCold  . . .     Gourm    .     a - +0 robe
rNeg   . . .     Faith    .     (no shield)
rPois  .         Spirit   .     (no helmet)
rElec  .         Reflect  .     (no cloak)
rCorr  .         Harm     .     e - +0 pair of gloves
MR     .....                    (no boots)
Stlth  ++........               (no amulet)
                                (no ring)
                                n - +3 ring of protection

@: no status effects
A: no striking features
a: no special abilities


You were on level 4 of the Dungeon.
You were not hungry.

You visited 1 branch of the dungeon, and saw 4 of its levels.

You collected 186 gold pieces.

Inventory:

Armour
 a - a +0 robe (worn)
 e - a +0 pair of gloves (worn)
Jewellery
 n - a +3 ring of protection (left hand)
Scrolls
 d - a scroll of fear {unknown}
 f - a scroll of recharging {unknown}
 g - 2 scrolls of fog {unknown}
 i - 3 scrolls of remove curse {unknown}
 k - 2 scrolls of magic mapping {unknown}
 l - a scroll of identify {unknown}
 p - a scroll of enchant weapon {unknown}
 s - a scroll of immolation {unknown}
Potions
 h - a potion of lignification {unknown}
 j - 2 potions of berserk rage {unknown}
 m - 2 potions of cancellation {unknown}
 o - a potion of degeneration {unknown}
 q - a potion of beneficial mutation {unknown}
Books
 b - a book of Flames

   Spells                             Type                      Level
   a - Flame Tongue                   Conjuration/Fire             1
   b - Throw Flame                    Conjuration/Fire             2
   c - Conjure Flame                  Conjuration/Fire             3
   d - Inner Flame                    Hexes/Fire                   3
   e - Sticky Flame                   Conjuration/Fire             4
   f - Fireball                       Conjuration/Fire             5
Comestibles
 c - 2 bread rations


   Skills:
 - Level 2.4 Dodging
 - Level 2.4 Stealth
 + Level 5.3 Spellcasting
 + Level 3.4 Conjurations
 + Level 4.6 Fire Magic


You had 4 spell levels left.
You knew the following spells:

 Your Spells              Type           Power        Failure   Level  Hunger
a - Flame Tongue          Conj/Fire      ###..        1%          1    None
b - Throw Flame           Conj/Fire      ###...       3%          2    None
c - Conjure Flame         Conj/Fire      ###.....     10%         3    ##.....
d - Sticky Flame          Conj/Fire      ###.....     24%         4    ####...


Dungeon Overview and Level Annotations

Branches:
Dungeon (4/15)
 Temple: D:4-7

Altars:
Cheibriados
Makhleb
Nemelex Xobeh
Okawaru
Trog

Annotations:
D:3 emsyzz's ghost, amateur DENe


Message History

Aiming: Throw Flame
Press: ? - help, Shift-Dir - straight line, f/p - orc wizard
Aim: an orc wizard, wielding a dagger and wearing a robe (almost dead)
The puff of flame hits the orc wizard.
You kill the orc wizard!
The orc priest miscasts a cantrip.
There is a stone staircase leading up here.
Casting: Throw Flame
Confirm with . or Enter, or press ? or * to list all spells.
Aiming: Flame Tongue
Press: ? - help, Shift-Dir - straight line, f - orc priest
Aim: an orc priest The flame tongue hits the orc priest.
The orc priest is lightly wounded.
The orc priest invokes the aid of Beogh against you.
Beogh smites you!
* * * LOW HITPOINT WARNING * * *
The orc priest mumbles some strange prayers to Beogh against you.
Beogh smites you!
You die...

#.#
#.............#
#.#
#..#####.###..#
#.# #..# #......#
#.# #..##
##.#.##.### #.#
##..o###.###......
#.# #.....o.##
##...). #.#
#....###.###.#.###
########.# #.#.##
#..#.##.#
#........# #@###
#...###.#
#.######## #.#
#).## #.# #.# #.#
#oo# #.# #.# #.#
#..# #.# #.# #.#
#..####.### #.#
#.# #.......oo.
#.#
...............o..
#.#
#.##.###....##.###
#.# ....#.. ..


You could see an orc priest.

Vanquished Creatures
  A scorpion (D:4)
  An orc wizard (D:4)
  Terence (D:2)
  A worker ant (D:4)
  2 adders
  An ooze (D:2)
  4 worms
  5 giant cockroaches
  4 goblins
  9 hobgoblins
  A quokka (D:4)
  3 bats
  3 frilled lizards
  4 kobolds
  5 rats
45 creatures vanquished.

Notes
Turn   | Place    | Note
-------+----------+-------------------------------------------
     0 | D:1      | Naow the Deep Elf Fire Elementalist began the quest for the Orb.
     0 | D:1      | Reached XP level 1. HP: 10/10 MP: 6/6
   772 | D:1      | Reached XP level 2. HP: 15/15 MP: 6/8
  1140 | D:2      | Reached XP level 3. HP: 19/19 MP: 8/10
  1143 | D:2      | Reached skill level 4 in Spellcasting
  1152 | D:2      | Learned a level 2 spell: Throw Flame
  1156 | D:2      | Learned a level 3 spell: Conjure Flame
  1357 | D:2      | Found a burning altar of Makhleb.
  1360 | D:2      | Found an iron altar of Okawaru.
  1562 | D:2      | Noticed Terence
  1571 | D:2      | Killed Terence
  1571 | D:2      | Reached XP level 4. HP: 21/24 MP: 6/12
  1752 | D:2      | Found a faded altar of an unknown god.
  1863 | D:2      | Found a bloodstained altar of Trog.
  1952 | D:2      | Found a snail-covered altar of Cheibriados.
  2309 | D:3      | Learned a level 4 spell: Sticky Flame
  2475 | D:3      | Found a sparkling altar of Nemelex Xobeh.
  2479 | D:3      | Noticed emsyzz's ghost (amateur DENe)
  2832 | D:4      | Found an iron altar of Okawaru.
  2841 | D:4      | Reached XP level 5. HP: 26/28 MP: 5/14
  2926 | D:4      | Reached skill level 5 in Spellcasting
  3299 | D:4      | Killed from afar by an orc priest

Skill      XL: |  1  2  3  4  5 |
---------------+----------------+-----
Spellcasting   | 4 5 |  5.3
Conjurations   | 2 3 |  3.4
Fire Magic     | 4 |  4.6
Dodging        | |  2.4
Stealth        | |  2.4

Action                   |  1- 3 |  4- 6 || total
-------------------------+-------+-------++-------
Melee: Unarmed           |       |     3 ||     3
 Cast: Flame Tongue      |    45 |    45 ||    90
       Throw Flame       |       |     5 ||     5
  Eat: Chunk             |     2 |     5 ||     7
Armor: Robe              |     1 |     6 ||     7
Dodge: Dodged            |     4 |    14 ||    18
